 Dungeon Crawl Stone Soup version 0.21-a0-414-gba8bdf1 (webtiles) character file.

4 Dysjunc the Thaumaturge (level 1, 13/13 HPs)
             Began as a Gnoll Wanderer on Nov 2, 2017.
             Quit the game on level 1 of the Dungeon.
             The game lasted 00:01:19 (374 turns).

Dysjunc the Thaumaturge (Gnoll Wanderer)             Turns: 374, Time: 00:01:19

Health: 13/13      AC:  2    Str: 15    XL:     1   Next: 60%
Magic:  10/10      EV: 11    Int: 11    God:
Gold:   13         SH:  0    Dex: 16    Spells: 18/18 levels left

rFire    . . .     SeeInvis .   e - +0 dagger
rCold    . . .     Gourm    .   (no shield)
rNeg     . . .     Faith    .   d - +0 robe
rPois    .         Spirit   .   (no helmet)
rElec    .         Reflect  .   (no cloak)
rCorr    .         Harm     .   (no gloves)
MR       .....                  (no boots)
Stlth    +.........             (no amulet)
HPRegen  0.04/turn              (no ring)
MPRegen  0.12/turn              (no ring)

@: no status effects
A: distributed training, fangs 1, strong nose
a: no special abilities


You were on level 1 of the Dungeon.
You were not hungry.

You visited 1 branch of the dungeon, and saw 1 of its levels.

You collected 13 gold pieces.

Inventory:

Hand Weapons
 e - a +0 dagger (weapon)
Armour
 d - a +0 robe (worn)
Scrolls
 h - a scroll of remove curse {unknown}
 i - a scroll of recharging {unknown}
Potions
 c - a potion of curing
 g - a potion of heal wounds {unknown}
Books
 a - a book of Minor Magic

   Spells                             Type                      Level
   a - Magic Dart                     Conjuration                  1
   b - Blink                          Translocation                2
   c - Call Imp                       Summoning                    2
   d - Slow                           Hexes                        2
   e - Conjure Flame                  Conjuration/Fire             3
   f - Mephitic Cloud                 Conjuration/Poison/Air       3
 b - Uhuvaaw's Collected Works on the Birds

   Spells                             Type                      Level
   a - Shock                          Conjuration/Air              1
   b - Static Discharge               Conjuration/Air              3
Comestibles
 f - a bread ration
 j - a royal jelly
 k - 2 chunks of flesh


   Skills:
 + Level 0.0 Fighting
 + Level 0.0 Short Blades
 + Level 0.0 Long Blades
 + Level 0.0 Axes
 + Level 0.0 Maces & Flails
 + Level 0.0 Polearms
 + Level 0.0 Staves
 + Level 0.0 Slings
 + Level 0.0 Bows
 + Level 0.0 Crossbows
 + Level 2.3 Throwing
 + Level 0.0 Armour
 + Level 0.0 Dodging
 + Level 0.0 Stealth
 + Level 2.3 Shields
 + Level 0.0 Unarmed Combat
 + Level 9.2 Spellcasting
 + Level 0.0 Conjurations
 + Level 0.0 Hexes
 + Level 0.0 Charms
 + Level 0.0 Summonings
 + Level 1.9 Necromancy
 + Level 0.0 Translocations
 + Level 0.0 Transmutations
 + Level 1.9 Fire Magic
 + Level 0.0 Ice Magic
 + Level 0.0 Air Magic
 + Level 0.0 Earth Magic
 + Level 3.6 Poison Magic
 + Level 0.1 Invocations
 + Level 0.0 Evocations


You had 18 spell levels left.
You didn't know any spells.

Dungeon Overview and Level Annotations

Branches:
Dungeon (1/15)

Altars:


Innate Abilities, Weirdness & Mutations

Your experience applies equally to all skills.
You have very sharp teeth.
Your uncanny sense of smell can sniff out nearby items.


Message History

You barely miss the kobold. The kobold misses you.
You hit the kobold.
The kobold is heavily wounded.
The kobold hits you with a club.
You hit the kobold but do no damage. Your bite misses the kobold.
The kobold is heavily wounded.
The kobold hits you with a club.
You hit the kobold but do no damage.
The kobold is heavily wounded.
You hit the kobold.
The kobold is severely wounded.
The kobold misses you.
You hit the kobold.
You kill the kobold!
Things that are here:
a club; a kobold corpse You start resting.
HP restored.
Okay, then.
Are you sure you want to abandon this character and quit the game? (Confirm with "yes".)

## # .# #.#### .#
...# .# .##
####.##.###.#.....
..........@.......
####.###.##...#.##
#..###.# ##.## #
#..# .#
#.#####.##.#
#..........#
#######..### ##.##
.#


There were no monsters in sight!

Vanquished Creatures
  A giant cockroach (D:1)
  A kobold (D:1)
  2 rats (D:1)
4 creatures vanquished.

Notes
Turn   | Place    | Note
-------+----------+-------------------------------------------
     0 | D:1      | Reached skill level 9 in Spellcasting
     0 | D:1      | Dysjunc the Gnoll Wanderer began the quest for the Orb.
     0 | D:1      | Dysjunc set off with: a book of Minor Magic, Uhuvaaw's Collected Works on the Birds, a potion of curing, a +0 robe, a +0 dagger, a bread ration
     0 | D:1      | Reached XP level 1. HP: 13/13 MP: 10/10
     0 | D:1      | Identified Uhuvaaw's Collected Works on the Birds
   374 | D:1      | Quit the game

Vault maps used:
D:1:      lightli_arrival_isolated_outpost

Skill      XL: | |
---------------+-+-----
Spellcasting   | |  9.2
Throwing       | |  2.3
Shields        | |  2.3
Necromancy     | |  1.9
Fire Magic     | |  1.9
Poison Magic   | |  3.6
Invocations    | |  0.1

Action                   || total
-------------------------++-------
Melee: Dagger            ||    15
       Bite              ||     1
Dodge: Dodged            ||     8

Table legend:
 A = Spawn XP
 B = Non-spawn XP
 C = Spawn XP percentage of total XP
 D = Spawn monster count
 E = Non-spawn monster count
 F = Spawn count percentage of total count
 G = Total turns spent on level
                    A         B        C        D         E        F      G
               +---------+---------+-------+---------+---------+-------+---------
         Total |       0 |       6 |   0.0 |       0 |       4 |   0.0 |   374
               +---------+---------+-------+---------+---------+-------+---------
           D:1 |       0 |       6 |   0.0 |       0 |       4 |   0.0 |   374
               +---------+---------+-------+---------+---------+-------+---------
